 Dungeon Crawl Stone Soup version 0.25.1-2-g60ff931df9 (webtiles) character file.

Game seed: 15590811442656817481

135 Impeuri the Skirmisher (level 4, -1/61 HPs)
             Began as a Minotaur Fighter on Aug 20, 2020.
             Slain by an adder (3 damage)
             ... on level 3 of the Dungeon.
             The game lasted 00:03:14 (2089 turns).

Impeuri the Skirmisher (Minotaur Fighter)           Turns: 2089, Time: 00:03:15

Health: -1/61      AC: 22    Str: 18 (20) XL:     4   Next: 96%
Magic:  3/3        EV:  2    Int:  3 (5)  God:
Gold:   93         SH:  9    Dex: 10 (11) Spells: 3/3 levels left

rFire    . . .     SeeInvis .   a - +0 long sword
rCold    . . .     Gourm    .   c - +0 kite shield
rNeg     + + +     Faith    .   (armour currently unavailable)
rPois    +         Spirit   .   (helmet currently unavailable)
rElec    .         Reflect  .   (cloak currently unavailable)
rCorr    .         Harm     .   (gloves currently unavailable)
MR       .....     NoTele   +   (boots currently unavailable)
Stlth    +.........             (no amulet)
HPRegen  0.20/turn              (no ring)
MPRegen  0.08/turn              (no ring)

@: lethally poisoned (-1 -> -4), tree-form, stab
A: (retaliatory headbutt)
a: no special abilities


You were on level 3 of the Dungeon.
You were not hungry.
You were a tree.
You visited 1 branch of the dungeon, and saw 4 of its levels.

You collected 93 gold pieces.

Inventory:

Hand Weapons
 a - a +0 long sword (weapon)
Armour
 b - a +0 scale mail (melded)
 c - a +0 kite shield (worn)
 p - a +0 pair of boots (melded)
Scrolls
 e - a scroll of noise {unknown}
 g - a scroll of fear {unknown}
 h - 3 scrolls of identify {unknown}
 i - a scroll of remove curse {unknown}
 l - a scroll of teleportation {unknown}
Potions
 d - 2 potions of might
Comestibles
 f - 5 rations
 n - a chunk of flesh


   Skills:
 + Level 4.4 Fighting
 * Level 4.4 Long Blades
 + Level 4.4 Armour
 + Level 4.4 Shields


You had 3 spell levels left.
You didn't know any spells.
Your spell library was empty.

Dungeon Overview and Level Annotations

Branches:
Dungeon (4/15)
 Temple: D:4-7

Altars:
Dithmenos
Trog


Innate Abilities, Weirdness & Mutations

((You reflexively headbutt those who attack you in melee.))
((You have a pair of horns on your head.))


Message History

It was a potion of stabbing.
You feel ready to backstab.
You feel sick.
The orc wizard mumbles some strange words.
The orc wizard blinks!
The bat hits you but does no damage. The adder bites you but does no damage.
The adder bites you.
* * * LOW HITPOINT WARNING * * *
The orc priest hits you but does no damage.
The bat hits you but does no damage. The adder bites you but does no damage.
The kobold barely misses you.
It was a potion of degeneration.
There was something very wrong with that liquid.
You feel weakened.
You feel dopey.
You feel clumsy. You block the bat's attack. The adder bites you.
* * * LOW HITPOINT WARNING * * *
The orc wizard gestures wildly while chanting.
The orc wizard blinks!
The orc priest hits you but does no damage.
The adder bites you.
You die...

####### #
##.....##..
##..........
#...........
#..K.S.....<
#...♣o......
#....S.....§
#....b......
#...(.......
##..........
##.....##..
####### ..


You could see an orc priest, 2 adders, a bat and a kobold.

Vanquished Creatures
  Blork the orc (D:4)
  An adder (D:2)
  2 worms
  A dart slug (D:3)
  3 leopard geckos
  An orc (D:3)
  A ball python (D:1)
  7 bats
  2 giant cockroaches
  3 goblins
  3 hobgoblins
  5 jackals (D:2)
  A quokka (D:3)
  A frilled lizard (D:1)
  7 kobolds
  12 rats
51 creatures vanquished.

Vanquished Creatures (others)
  4 toadstools (D:1)
4 creatures vanquished.

Grand Total: 55 creatures vanquished

Notes
Turn   | Place    | Note
-------+----------+-------------------------------------------
     0 | D:1      | Impeuri the Minotaur Fighter began the quest for the Orb.
     0 | D:1      | Reached XP level 1. HP: 19/19 MP: 0/0
   148 | D:1      | Reached XP level 2. HP: 27/27 MP: 1/1
   741 | D:2      | Reached XP level 3. HP: 30/33 MP: 2/2
   986 | D:2      | Noticed a moth of wrath
   989 | D:2      | Found a bloodstained altar of Trog.
  1437 | D:2      | You fall into a shaft and drop 2 floors!
  1440 | D:4      | Noticed Blork the orc
  1448 | D:4      | Killed Blork the orc
  1448 | D:4      | Reached XP level 4. HP: 28/41 MP: 3/3
  1662 | D:4      | Found a shadowy altar of Dithmenos.
  2089 | D:3      | HP: 2/61 [adder (3)]
  2089 | D:3      | Slain by an adder

Illustrated notes

Levels and vault maps discovered:
D:1:      ldierk_walled_garden_2, layout_rooms
D:2:      layout_rooms, first_ration, tgw_trog
D:3:      layout_rooms, old_standard_altar
D:4:      layout_layer_cave, vehumet_crystals, grunt_temple_overflow_open,
          lemuel_doored_altar, uniq_sigmund, uniq_duvessa, uniq_blork_the_orc

Skill      XL: |  1  2  3 |
---------------+----------+-----
Long Blades    | 3 4 |  4.4
Shields        | 4 |  4.4
Fighting       | 4 |  4.4
Armour         | 4 |  4.4

Action                   |  1- 3 |  4- 6 || total
-------------------------+-------+-------++-------
Melee: Long sword        |    80 |    34 ||   114
       Headbutt          |    18 |     9 ||    27
  Use: Potion            |       |     4 ||     4
  Eat: Chunk             |     2 |     2 ||     4
Armor: Scale mail        |    37 |    31 ||    68
       Skin              |       |     9 ||     9
Dodge: Dodged            |    41 |    14 ||    55
Block: Kite shield       |    52 |    33 ||    85
       Rpst.: Long sword |    11 |     2 ||    13
